 Dungeon Sprint DCSS version 0.24-a0-249-g2af7e83 (webtiles) character file.

Game seed: 9234680645426856686

4145 MikeHunt the Unseen (level 10, -10/148 HPs)
             Began as a Naga Assassin on Apr 13, 2019.
             Was an Initiate of Gozag.
             Mangled by a spriggan
             ... wielding a +0 dagger of protection
              (13 damage)
             ... in the Dungeon (Sprint IV: "Fedhas' Mad Dash").
             The game lasted 00:05:11 (963 turns).

MikeHunt the Unseen (Naga Assassin)                  Turns: 963, Time: 00:05:12

Health: -10/148    AC:  5    Str: 20    XL:     10   Next: 27%
Magic:  14/16      EV: 14    Int: 11    God:    Gozag
Gold:   1703       SH:  5    Dex: 15    Spells: 9/9 levels left

rFire    . . .     SeeInvis +   q - +0 rapier
rCold    + . .     Gourm    .   s - +0 buckler
rNeg     . . .     Faith    .   c - +0 robe
rPois    +         Spirit   .   (no helmet)
rElec    .         Reflect  .   d - +0 cloak
rCorr    .         Harm     .   (no gloves)
MR       +....     NoTele   +   (no barding)
Stlth    ..........             n - amulet of invisibility {+Inv}
HPRegen  0.34/turn              u - ring of protection from cold
MPRegen  0.15/turn              (no ring)

@: berserking, gold aura, slightly contaminated, invisible, quick
A: large, see invisible, deformed body, poison resistance, slowness 2, slow
metabolism 1, spit poison 1, AC +3
a: Spit Poison, Potion Petition, Call Merchant, Bribe Branch, Renounce Religion


You were in the Dungeon.
You worshipped Gozag.
Gozag was most pleased with you.
You were not hungry.

You visited 1 branch You collected 1703 gold pieces.

Inventory:

Hand Weapons
 a - a +2 dagger
 b - a +0 blowgun
 q - a +0 rapier (weapon)
Missiles
 e - 8 poisoned needles
 f - 2 curare-tipped needles
Armour
 c - a +0 robe (worn)
 d - a +0 cloak (worn)
 r - a +0 robe
 s - a +0 buckler (worn)
 v - a +1 crystal plate armour
Jewellery
 n - the amulet of invisibility (around neck) {+Inv}
   (You found it in the Dungeon)

   [amulet of nothing]

   It lets you turn invisible.
 u - a ring of protection from cold (left hand)
Scrolls
 m - 2 scrolls of blinking
 o - a scroll of remove curse {unknown}
 t - a scroll of enchant weapon {unknown}
 w - a scroll of fear {unknown}
Potions
 h - a potion of curing
 i - a potion of heal wounds
 j - a potion of haste
 k - 3 potions of magic
 p - a potion of mutation {unknown}
Comestibles
 g - a ration


   Skills:
 + Level 9.5 Fighting
 - Level 10.0 Short Blades
 - Level 6.3 Throwing
 + Level 7.8 Dodging
 + Level 19.5 Stealth
 - Level 3.0 Shields
 - Level 8.2 Evocations


You had 9 spell levels left.
You didn't know any spells.
Your spell library contained the following spells:

 Spells                   Type           Power        Failure   Level  Hunger
 Confusing Touch          Hex            #.....       34%         1    ##.....
 Confuse                  Hex            #.......     71%         3    ####...
 Gell's Gravitas          Tloc           #.........   71%         3    ####...
 Petrify                  Tmut/Erth      #.......     98%         4    #####..
 Metabolic Englaciation   Hex/Ice        #.........   100%        5    ######.
 Yara's Violent Unravell  Hex/Tmut       #.........   100%        5    ######.


Dungeon Overview and Level Annotations

Branches:
Dungeon (1/1)

Altars:
Cheibriados
Dithmenos
Elyvilon
Gozag
Hepliaklqana
Kikubaaqudgha
Makhleb
Nemelex Xobeh
Okawaru
Qazlal
Ru
Sif Muna
Trog
Uskayaw
Vehumet
Wu Jian
Xom
Yredelemnul
Zin
The Shining One
Beogh
Jiyva
Lugonu

Shops:
D :}


Innate Abilities, Weirdness & Mutations

You cannot wear boots.
Your serpentine skin is tough. (AC +3)
You have supernaturally acute eyesight. (SInv)
Armour fits poorly on your strangely shaped body.
Your system is resistant to poisons. (rPois)
You cover ground very slowly.
You have a slow metabolism.
You can spit poison.


Message History

You miss the spriggan. You barely miss the spriggan.
The spriggan rider completely misses you.
The spriggan barely misses you.
You closely miss the spriggan. You barely miss the spriggan.
The spriggan rider hits you from afar with a +0 spear.
* * * LOW HITPOINT WARNING * * *
The spriggan hits you with a +0 dagger of protection!
* * * LOW HITPOINT WARNING * * *
You barely miss the spriggan. You puncture the spriggan!
The spriggan is moderately wounded.
The spriggan rider closely misses you.
You puncture the spriggan!
The spriggan is almost dead.
You have got your breath back.
The spriggan hits you with a +0 dagger of protection!
You die...
Your body crumbles into a pile of gold.

############# #
._.⌠.#..'..)# .#
_._..'..#...# .P+
._...#..###'##./?# $$
_._..#..##∩∩.+..f# .
._.⌠.############# ##...
##########....))###.....♣
.###.'..'.......@ii...♣
♣##..#..#.P.....#######
.###.##+##.P....# ♣'...#
######## ######


You could see a spriggan rider and a spriggan.

Vanquished Creatures
  A spriggan druid (D)
  6 oklob plants (D)
  A demonic crawler (D)
  2 burning bushes (D)
  A queen bee (D)
  A wandering mushroom (D)
  A scorpion (D)
  4 killer bees (D)
  5 oklob saplings (D)
  A worker ant (D)
  3 spriggans (D)
  A river rat (D)
  A rat (D)
28 creatures vanquished.

Vanquished Creatures (others)
  A ballistomycete spore (D)
1 creature vanquished.

Grand Total: 29 creatures vanquished

Notes
Turn   | Place    | Note
-------+----------+-------------------------------------------
     0 | D        | MikeHunt the Naga Assassin began the quest for the Orb.
     0 | D        | Reached XP level 1. HP: 19/19 MP: 1/1
    12 | D        | Reached skill level 6 in Stealth
    13 | D        | Reached skill level 7 in Stealth
    13 | D        | Reached XP level 2. HP: 20/26 MP: 2/2
    83 | D        | Noticed an oklob sapling
    84 | D        | Killed an oklob sapling
    84 | D        | Reached skill level 9 in Stealth
    84 | D        | Reached XP level 3. HP: 32/32 MP: 3/3
    87 | D        | Found the amulet of invisibility {+Inv}
    88 | D        | Reached skill level 5 in Short Blades
    88 | D        | Reached skill level 10 in Stealth
    88 | D        | Reached XP level 4. HP: 39/39 MP: 4/4
   108 | D        | Reached skill level 1 in Evocations
   121 | D        | Found an opulent altar of Gozag.
   121 | D        | Found a hazy altar of Hepliaklqana.
   121 | D        | Found a roughly hewn altar of Beogh.
   121 | D        | Found a snail-covered altar of Cheibriados.
   122 | D        | Found a viscous altar of Jiyva.
   122 | D        | Found a burning altar of Makhleb.
   122 | D        | Found a sparkling altar of Nemelex Xobeh.
   122 | D        | Found a sacrificial altar of Ru.
   122 | D        | Found a deep blue altar of Sif Muna.
   122 | D        | Found a bloodstained altar of Trog.
   122 | D        | Found an ornate altar of the Wu Jian Council.
   122 | D        | Found a shimmering altar of Xom.
   122 | D        | Found a basalt altar of Yredelemnul.
   122 | D        | Noticed an oklob sapling priest
   124 | D        | Found an iron altar of Okawaru.
   124 | D        | Found a glowing silver altar of Zin.
   124 | D        | Found a shadowy altar of Dithmenos.
   125 | D        | Found a hide-covered altar of Uskayaw.
   125 | D        | Found an ancient bone altar of Kikubaaqudgha.
   126 | D        | Found a stormy altar of Qazlal.
   126 | D        | Found a white marble altar of Elyvilon.
   126 | D        | Found a glowing golden altar of the Shining One.
   127 | D        | Became a worshipper of Gozag Ym Sagoz the Greedy
   128 | D        | Found a radiant altar of Vehumet.
   128 | D        | Found a corrupted altar of Lugonu.
   131 | D        | Killed an oklob sapling priest
   131 | D        | Reached skill level 11 in Stealth
   131 | D        | Reached XP level 5. HP: 45/45 MP: 3/7
   283 | D        | Reached skill level 12 in Stealth
   284 | D        | Reached skill level 5 in Evocations
   284 | D        | Reached XP level 6. HP: 52/52 MP: 7/9
   307 | D        | Found Cosoh's Gadget Shop.
   308 | D        | Found Egoirhir's Book Emporium.
   312 | D        | Noticed a burning bush
   312 | D        | Noticed a wandering mushroom
   448 | D        | Noticed a queen bee
   453 | D        | Killed a queen bee
   453 | D        | Reached skill level 13 in Stealth
   453 | D        | Reached XP level 7. HP: 60/60 MP: 8/11
   455 | D        | Reached skill level 14 in Stealth
   679 | D        | Noticed an oklob plant
   681 | D        | Killed an oklob plant
   681 | D        | Reached skill level 10 in Short Blades
   681 | D        | Reached skill level 5 in Throwing
   681 | D        | Reached skill level 15 in Stealth
   681 | D        | Reached XP level 8. HP: 67/67 MP: 12/14
   693 | D        | Noticed a burning bush
   696 | D        | Killed a burning bush
   710 | D        | Noticed a burning bush
   710 | D        | Noticed an oklob plant
   711 | D        | Noticed a wandering mushroom
   712 | D        | Killed a burning bush
   712 | D        | Reached skill level 16 in Stealth
   720 | D        | Killed an oklob plant
   720 | D        | Reached skill level 5 in Fighting
   720 | D        | Reached XP level 9. HP: 82/82 MP: 13/15
   722 | D        | Reached skill level 17 in Stealth
   725 | D        | Reached skill level 5 in Dodging
   774 | D        | Noticed a spriggan druid
   775 | D        | Killed a spriggan druid
   775 | D        | Reached skill level 18 in Stealth
   792 | D        | Noticed an oklob plant conjurer
   793 | D        | Killed an oklob plant conjurer
   896 | D        | Noticed an oklob plant
   900 | D        | Noticed an oklob plant shifter
   900 | D        | Noticed an oklob plant summoner
   904 | D        | Killed an oklob plant
   906 | D        | Killed an oklob plant summoner
   906 | D        | Reached XP level 10. HP: 98/98 MP: 14/16
   909 | D        | Killed an oklob plant shifter
   909 | D        | Reached skill level 19 in Stealth
   931 | D        | Noticed a spriggan rider
   960 | D        | HP: 3/148 [spriggan/+0 dagger of protection (11)]
   963 | D        | Mangled by a spriggan

Levels and vault maps discovered:
D:        dungeon_sprint_fedhas [sprint_temple]

Skill      XL: |  1  2  3  4  5  6  7  8  9 10 |
---------------+-------------------------------+-----
Stealth        | 7 9 10 11 12 13 15 16 18 19 | 19.5
Short Blades   | 3 4 5 6 7 8 10 | 10.0
Evocations     | 3 5 6 8 |  8.2
Throwing       | 3 5 6 |  6.3
Shields        | 2 3 |  3.0
Fighting       | 5 8 9 |  9.5
Dodging        | 4 7 |  7.8

Action                   |  1- 3 |  4- 6 |  7- 9 | 10-12 || total
-------------------------+-------+-------+-------+-------++-------
Melee: Dagger            |     7 |     7 |    17 |     5 ||    36
       Rapier            |       |       |       |    21 ||    21
 Abil: Spit Poison       |     2 |       |       |     2 ||     4
       Evoke Invisibilit |       |     3 |     2 |     1 ||     6
  Use: Potion            |       |       |       |     1 ||     1
 Stab: Sleeping          |     2 |     7 |    11 |     2 ||    22
       Invisible         |       |       |     4 |       ||     4
  Eat: Ration            |       |       |     1 |       ||     1
Dodge: Dodged            |       |       |     1 |    11 ||    12
Block: Buckler           |       |       |       |     4 ||     4

Table legend:
 A = Non-vault XP
 B = Vault XP
 C = Vault XP percentage of total XP
 D = Non-vault monster count
 E = Vault monster count
 F = Vault count percentage of total count
                 A         B        C        D         E       F
            +---------+---------+-------+---------+---------+-------
      Total |       0 |    5922 | 100.0 |       0 |      28 | 100.0
            +---------+---------+-------+---------+---------+-------
          D |       0 |    5922 | 100.0 |       0 |      28 | 100.0
            +---------+---------+-------+---------+---------+-------
